cohdb
Replays
Latest Replays
All Replays
Popular Replays
Top Player Replays
Match Explorer
How It Works
Community
CoH3 Stats
Reddit
Sign in to upload your games and track your stats! →
Sign in with Steam
Match 45414010
Unlisted
Match 45414010
Overview
Messages
Build Orders
End
Construct Section Command Post
Selects Indian Artillery Battlegroup
Selects Indian Artillery Battlegroup
Selects Indian Artillery Battlegroup
Infantry Section
Infantry Section
Dingo Light Scout Car
Construct Platoon Command Post
Selects Valour
CMP 15cwt Truck
Grenade Package
Selects Gurkha Rifles Section
Gurkha Rifles Section
Belfegor ๏̯͡๏
Marijuana
킴스
Flaregun
wila
LittleFatty233
Le rat Madan
Altair Ibn-Al Ahad
0
0
Comments
sign in to comment!
No comments posted yet!